 Dungeon Crawl Stone Soup version 0.13.0 (webtiles) character file.

440 Lilouch the Slasher (level 6, -7/48 HPs)
             Began as a Mummy Fighter on Oct 12, 2013.
             Killed by divine providence
             ... invoked by an orc priest
              (12 damage)
             ... on Level 3 of the Dungeon.
             The game lasted 00:16:41 (5572 turns).

Lilouch the Slasher (Mummy Fighter)                 Turns: 5572, Time: 00:16:42

HP  -7/48        AC  6     Str 21      XL: 6   Next: 29%
MP   5/5         EV  6     Int  7      God:
Gold 102         SH 19     Dex 11      Spells:  0 memorised,  5 levels left

Res.Fire  : x . .   See Invis. : .   a - +0 falchion
Res.Cold  : + . .   Warding    : .   b - +0 scale mail
Life Prot.: + + +   Conserve   : .   c - +0 shield
Res.Poison: +       Res.Corr.  : .   (no helmet)
Res.Elec. : .       Clarity    : .   (no cloak)
Sust.Abil.: . .     Spirit.Shd : .   (no gloves)
Res.Mut.  : .       Stasis     : +   (no boots)
Res.Rott. : +       Flight     : .   t - amulet of stasis
Saprovore : . . .                    (no ring)
                                     (no ring)

@: somewhat resistant to hostile enchantments, extremely unstealthy
A: no food or potions, fire vulnerability, restore body, cold resistance 1, life
protection 3, poison resistance, torment resistance, unbreathing
a: no special abilities


You were on level 3 of the Dungeon.
You were not hungry.

You visited 1 branch of the dungeon, and saw 3 of its levels.

You collected 82 gold pieces.

Inventory:

Hand weapons
 a - a +0,+0 falchion (weapon)
 e - a +0,+0 spear (quivered)
 f - a +0,+0 club
 g - a cursed -3,-2 orcish dagger
 p - a +0,+2 whip of electrocution
 q - a +0,+0 sling
 z - a -1,+1 orcish flail
Missiles
 h - 26 darts
 l - 44 stones
 o - 26 bolts
 v - a silver dart
 D - 2 javelins
Armour
 b - a +0 scale mail (worn)
 c - a +0 shield (worn)
 k - a +0 scale mail of poison resistance
 A - a cursed +0 elven leather armour
Magical devices
 B - a wand of invisibility (4)
 F - a wand of magic darts (3)
Comestibles
 m - a bread ration
Scrolls
 d - 2 scrolls of recharging {unknown}
 i - 4 scrolls of identify {unknown}
 n - a scroll of fear {unknown}
 s - 3 scrolls of enchant armour {unknown}
 u - a scroll of random uselessness {unknown}
 x - a scroll of remove curse {unknown}
 y - a scroll of noise {unknown}
 E - a scroll of enchant weapon I {unknown}
Jewellery
 j - an uncursed amulet of conservation {unknown}
 t - an amulet of stasis (around neck)
 C - a cursed ring of teleportation {unknown}
Potions
 r - a potion of poison {unknown}
 w - a potion of heal wounds {unknown}


   Skills:
 - Level 3.0 Fighting
 * Level 4.1 Long Blades
 + Level 3.5 Armour
 + Level 3.5 Shields


You had 5 spell levels left.
You didn't know any spells.

Dungeon Overview and Level Annotations

Branches:
Dungeon (3/27)

Altars:


Innate Abilities, Weirdness & Mutations

You do not eat or drink.
Your flesh is vulnerable to fire.
Your flesh is cold resistant.
You are immune to negative energy.
Your system is resistant to poisons.
You are immune to unholy pain and torment.
You can survive without breathing.


Message History

The orc priest hits you with an orcish flail.
You hit the orc priest but do no damage.
The orc priest is moderately wounded.
The orc priest hits you with an orcish flail.
* * * LOW HITPOINT WARNING * * *
You hit the orc priest.
The orc priest is heavily wounded.
The orc priest hits you with an orcish flail.
* * * LOW HITPOINT WARNING * * *
You closely miss the orc priest.
The orc priest is heavily wounded.
The orc priest hits you with an orcish flail!
* * * LOW HITPOINT WARNING * * *
The orc priest becomes somewhat translucent.
The orc priest mumbles some strange prayers to Beogh against you.
You resist.
The orc priest looks braver.
The orc priest invokes the aid of Beogh against you.
Something smites you!
You die...

####.###############
#.##..#............#
######.##..#.##########.#
.......##..#.# #.# ######'##..#.#
#.######### #........#
#.#........ #........#
#.#.######.
####........##########.#.#....#.
#..............@.....#.#.#.##.#.
#.#.#...o.#..#######.#.#.#.##.#.
#.#.####.##..#######.#.#.#.##.#.
#.#.####.##................##.#.
##.#...........######.#.#.####.#.
...............................#.
...######.###..#..........>......
...# #.###..#..#.#.#.#........
...# #......#....#.#.#..######


You could see an orc priest.

Vanquished Creatures
  Grinder (D:3)
  3 adders
  A giant mite (D:2)
  2 worms (D:2)
  2 giant geckos
  2 orcs (D:3)
  7 bats
  2 giant cockroaches
  6 hobgoblins
  2 jackals (D:1)
  3 quokkas
  5 giant newts
  10 goblins
  7 kobolds
  10 rats
63 creatures vanquished.

Notes
Turn   | Place    | Note
--------------------------------------------------------------
     0 | D:1      | Lilouch, the Mummy Fighter, began the quest for the Orb.
     0 | D:1      | Reached XP level 1. HP: 18/18 MP: 0/0
   231 | D:1      | Reached XP level 2. HP: 13/24 MP: 1/1
  1126 | D:1      | Reached XP level 3. HP: 28/30 MP: 2/2
  1982 | D:2      | Reached XP level 4. HP: 32/36 MP: 3/3
  4365 | D:3      | Noticed a sky beast
  4766 | D:3      | Noticed Grinder
  4813 | D:3      | Killed Grinder
  4813 | D:3      | Reached skill level 4 in Long Blades
  4813 | D:3      | Reached XP level 5. HP: 4/41 MP: 4/4
  4813 | D:3      | Reached XP level 6. HP: 4/48 MP: 5/5
  5550 | D:3      | HP: 2/48 [orc priest/orcish flail (7)]
  5572 | D:3      | Killed from afar by an orc priest

Action                   |  1- 3 |  4- 6 || total
-------------------------+-------+-------++-------
Melee: Falchion          |   139 |   125 ||   264
